[ AOE2 MATCH · #495734355 ]
UnrankedBerbers vs Spanish
Player's team · WIN
Rival team · LOSS
[ REPLAY ANALYSIS · EXTRACTED FROM THE RECORDED GAME ]
Feudal
10:46
Castle
—
Imperial
—
| APM avg | 63.7 |
| APM peak | 105 |
| eAPM avg | 23.9 |
| Villagers / military | 30 / 11 |
Focus
⚔️ 31.2% · 🌾 68.8%
Archer ×5 · Militia ×5 · Spearman ×1
Feudal
7:58
Castle
—
Imperial
—
| APM avg | 57.3 |
| APM peak | 104 |
| eAPM avg | 26.7 |
| Villagers / military | 44 / 9 |
Focus
⚔️ 48.6% · 🌾 51.4%
Scout Cavalry ×7 · Militia ×2
Match map
Initial resources + every placement click. Lines = walls · curves = elevation contours. ◆ gold · ⬟ stone · ● berries · ✦ relic · ◌ wall gap
Your base· Open — 15t gap
Marvin Saturnino's base· Open — 14t gap
Smoothed initial terrain · ◌ = detected wall gap · hover for details
Inputs per minute
— dehinker - - Marvin Saturnino
Build order — dehinker
85 actions detected in the replay
| 0:02 | Build | Town Center |
| 1:04 | Queue | Villager (Male) |
| 1:04 | Queue | Villager (Male) |
| 1:15 | Queue | Villager (Male) |
| 1:17 | Queue | Villager (Male) |
| 1:41 | Build | Lumber Camp |
| 1:43 | Queue | Villager (Male) |
| 2:14 | Queue | Villager (Male) |
| 3:05 | Queue | Villager (Male) |
| 3:17 | Queue | Villager (Male) |
| 3:23 | Queue | Villager (Male) |
| 4:05 | Build | Barracks |
| 4:16 | Queue | Villager (Male) |
| 4:40 | Build | House |
| 5:06 | Queue | Militia |
| 5:06 | Queue | Militia |
| 5:07 | Queue | Villager (Male) |
| 5:08 | Queue | Villager (Male) |
| 5:46 | Queue | Villager (Male) |
| 5:51 | Build | Mill |
| 5:55 | Queue | Militia |
| 5:55 | Queue | Militia |
| 6:16 | Queue | Villager (Male) |
| 6:34 | Build | House |
| 6:41 | Queue | Villager (Male) |
| 7:21 | Queue | Villager (Male) |
| 7:42 | Queue | Villager (Male) |
| 8:03 | Research | Loom |
| 8:15 | Research | Feudal Age |
| 9:03 | Build | Mining Camp |
| 9:11 | Build | House |
| 9:14 | Build | House |
| 9:59 | Queue | Villager (Male) |
| 10:01 | Queue | Militia |
| 10:22 | Build | Palisade Wall |
| 10:24 | Queue | Villager (Male) |
| 10:26 | Build | House |
| 10:26 | Build | Palisade Wall |
| 10:28 | Build | House |
| 10:31 | Queue | Villager (Male) |
| 10:36 | Queue | Villager (Male) |
| 10:46 | Age | Feudal Age |
| 10:51 | Research | Man-at-Arms (upgrade) |
| 10:51 | Research | Man-at-Arms (upgrade) |
| 10:57 | Build | Palisade Wall |
| 11:00 | Build | House |
| 11:02 | Queue | Villager (Male) |
| 11:07 | Build | Archery Range |
| 11:23 | Build | Archery Range |
| 11:24 | Queue | Villager (Male) |
| 11:28 | Build | Blacksmith |
| 11:30 | Build | Palisade Wall |
| 11:31 | Build | Palisade Wall |
| 11:33 | Queue | Villager (Male) |
| 11:34 | Queue | Spearman |
| 12:00 | Research | Double-Bit Axe |
| 12:01 | Research | Double-Bit Axe |
| 12:11 | Build | House |
| 12:14 | Queue | Archer |
| 12:33 | Research | Scale Mail Armor |
| 12:33 | Research | Scale Mail Armor |
| 12:39 | Research | Forging |
| 12:39 | Research | Forging |
| 12:44 | Research | Arson |
| 12:44 | Research | Arson |
| 12:49 | Queue | Archer |
| 12:57 | Queue | Villager (Male) |
| 13:28 | Queue | Archer |
| 13:49 | Queue | Villager (Male) |
| 14:00 | Queue | Villager (Male) |
| 14:02 | Build | Farm |
| 14:03 | Build | Farm |
| 14:03 | Build | Farm |
| 14:04 | Queue | Archer |
| 14:17 | Queue | Archer |
| 14:18 | Queue | Villager (Male) |
| 14:22 | Build | Farm |
| 14:22 | Build | Farm |
| 14:22 | Build | Farm |
| 14:23 | Build | Farm |
| 14:25 | Queue | Villager (Male) |
| 14:36 | Research | Fletching |
| 14:36 | Research | Fletching |
| 14:47 | Queue | Villager (Male) |
| 14:59 | Build | Farm |
Build order — Marvin Saturnino
85 actions detected in the replay
| 0:03 | Build | Town Center |
| 1:04 | Queue | Villager (Male) |
| 1:05 | Queue | Villager (Male) |
| 1:05 | Queue | Villager (Male) |
| 1:05 | Queue | Villager (Male) |
| 1:06 | Queue | Villager (Male) |
| 1:42 | Queue | Villager (Male) |
| 2:01 | Build | Lumber Camp |
| 2:15 | Queue | Villager (Male) |
| 3:23 | Queue | Villager (Male) |
| 3:48 | Queue | Villager (Male) |
| 3:58 | Queue | Villager (Male) |
| 4:06 | Queue | Villager (Male) |
| 4:08 | Build | Mill |
| 4:51 | Queue | Villager (Male) |
| 4:53 | Queue | Villager (Male) |
| 5:00 | Queue | Villager (Male) |
| 5:13 | Research | Loom |
| 5:48 | Research | Feudal Age |
| 5:48 | Research | Feudal Age |
| 5:48 | Research | Feudal Age |
| 6:08 | Queue | Villager (Male) |
| 6:50 | Build | Barracks |
| 7:28 | Queue | Villager (Male) |
| 7:34 | Queue | Villager (Male) |
| 7:39 | Queue | Militia |
| 7:53 | Queue | Villager (Male) |
| 7:55 | Queue | Militia |
| 7:58 | Age | Feudal Age |
| 8:09 | Build | Stable |
| 8:18 | Queue | Villager (Male) |
| 8:37 | Queue | Scout Cavalry |
| 8:40 | Build | House |
| 8:46 | Research | Double-Bit Axe |
| 8:47 | Research | Double-Bit Axe |
| 8:49 | Queue | Scout Cavalry |
| 8:51 | Queue | Villager (Male) |
| 8:58 | Queue | Villager (Male) |
| 9:29 | Build | Farm |
| 9:43 | Queue | Villager (Male) |
| 9:46 | Build | Farm |
| 9:58 | Queue | Villager (Male) |
| 10:05 | Build | House |
| 10:14 | Queue | Villager (Male) |
| 10:34 | Queue | Villager (Male) |
| 10:40 | Queue | Villager (Male) |
| 10:48 | Queue | Villager (Male) |
| 10:53 | Queue | Villager (Male) |
| 10:55 | Queue | Scout Cavalry |
| 11:02 | Build | House |
| 11:12 | Build | House |
| 11:15 | Build | Farm |
| 11:21 | Queue | Villager (Male) |
| 11:27 | Build | House |
| 11:31 | Build | Palisade Wall |
| 11:35 | Queue | Scout Cavalry |
| 11:37 | Build | Farm |
| 11:37 | Build | Farm |
| 11:45 | Queue | Villager (Male) |
| 12:00 | Build | Farm |
| 12:05 | Build | Palisade Wall |
| 12:09 | Queue | Villager (Male) |
| 12:23 | Build | House |
| 12:26 | Build | Palisade Wall |
| 12:27 | Build | House |
| 12:29 | Build | Palisade Wall |
| 12:30 | Queue | Villager (Male) |
| 12:34 | Queue | Villager (Male) |
| 12:43 | Queue | Villager (Male) |
| 12:46 | Queue | Villager (Male) |
| 13:03 | Queue | Scout Cavalry |
| 13:03 | Queue | Scout Cavalry |
| 13:04 | Queue | Villager (Male) |
| 13:10 | Build | Palisade Wall |
| 13:13 | Build | Palisade Wall |
| 13:19 | Queue | Villager (Male) |
| 13:27 | Queue | Villager (Male) |
| 13:39 | Queue | Villager (Male) |
| 13:57 | Queue | Villager (Male) |
| 14:07 | Queue | Scout Cavalry |
| 14:21 | Queue | Villager (Male) |
| 14:27 | Queue | Villager (Male) |
| 14:27 | Queue | Villager (Male) |
| 14:36 | Build | Farm |
| 14:37 | Queue | Villager (Male) |
Match timeline
| 4:05 | dehinker · first_building Barracks |
| 6:50 | Marvin Saturnino · first_building Barracks |
| 7:58 | Marvin Saturnino · age_up feudal |
| 8:09 | Marvin Saturnino · first_building Stable |
| 10:22 | dehinker · wall_segment Palisade Wall x10 |
| 10:26 | dehinker · wall_segment Palisade Wall x1 |
| 10:46 | dehinker · age_up feudal |
| 10:57 | dehinker · wall_segment Palisade Wall x1 |
| 11:07 | dehinker · first_building Archery Range |
| 11:30 | dehinker · wall_segment Palisade Wall x1 |
| 11:31 | dehinker · wall_segment Palisade Wall x1 |
| 11:31 | Marvin Saturnino · wall_segment Palisade Wall x1 |
| 12:05 | Marvin Saturnino · wall_segment Palisade Wall x6 |
| 12:26 | Marvin Saturnino · wall_segment Palisade Wall x1 |
| 12:29 | Marvin Saturnino · wall_segment Palisade Wall x1 |
| 13:10 | Marvin Saturnino · wall_segment Palisade Wall x1 |
| 13:13 | Marvin Saturnino · wall_segment Palisade Wall x1 |
| 15:00 | Marvin Saturnino · resign |
[ AI ANALYSIS · 1 CREDIT ]
What really happened in this match?
Wolo.gg analyzes every decision: build order, eco, micro, common mistakes by bracket. Personalized analysis on WhatsApp or Discord in 30 seconds.
Civ guide
Berbers
Perfil
Jugador #2533954